 Dungeon Crawl Stone Soup version 0.25.0-1-g7eea58d2a3 (webtiles) character file.

Game seed: 11844266777043802694

141 mortelune the Covered (level 5, -1/33 HPs)
             Began as a Gargoyle Fighter on June 14, 2020.
             Was an Initiate of Okawaru.
             Slain by Menkaure (17 damage)
             ... on level 4 of the Dungeon.
             The game lasted 00:04:30 (2921 turns).

mortelune the Covered (Gargoyle Fighter)            Turns: 2921, Time: 00:04:31

Health: -1/33      AC: 15    Str: 20    XL:     5   Next: 24%
Magic:  5/5        EV:  7    Int:  9    God:    Okawaru [......]
Gold:   152        SH: 13    Dex: 15    Spells: 4/4 levels left

rFire    + . .     SeeInvis .   a - +1 war axe
rCold    . . .     Gourm    .   c - +0 kite shield
rNeg     + . .     Faith    .   b - +0 scale mail
rPois    ∞         Spirit   .   (no helmet)
rElec    +         Reflect  .   p - +1 cloak
rCorr    .         Harm     .   (no gloves)
MR       .....                  (no boots)
Stlth    ..........             (no amulet)
HPRegen  0.11/turn              o - +6 ring of dexterity
MPRegen  0.09/turn              Q - ring of fire

@: no status effects
A: icy blue scales 1, large bone plates 1, cold resistance 1, negative energy
resistance 1, sense surroundings 1, electricity resistance, unbreathing,
petrification resistance, rot immunity, AC +4
a: Renounce Religion


You were on level 4 of the Dungeon.
You worshipped Okawaru.
Okawaru was noncommittal.
You were not hungry.

You visited 1 branch of the dungeon, and saw 4 of its levels.

You collected 152 gold pieces.

Inventory:

Hand Weapons
 a - a +1 war axe (weapon)
Missiles
 h - 2 boomerangs (quivered)
Armour
 b - a +0 scale mail (worn)
 c - a +0 kite shield (worn)
 p - a +1 cloak (worn)
Jewellery
 e - an uncursed ring of attention
 o - a +6 ring of dexterity (left hand)
 Q - a ring of fire (right hand)
 W - an uncursed ring of wizardry
Wands
 v - a wand of iceblast (7)
 D - a wand of digging (5)
Scrolls
 f - 2 scrolls of fog
 t - a scroll of teleportation
Potions
 d - 3 potions of might
 g - 2 potions of resistance {unknown}
 n - a potion of lignification
 r - 2 potions of heal wounds {unknown}
Comestibles
 k - 6 rations
 s - a chunk of flesh


   Skills:
 + Level 4.2 Fighting
 * Level 3.5 Axes
 + Level 4.2 Armour
 - Level 3.3 Shields


You had 4 spell levels left.
You didn't know any spells.
Your spell library was empty.

Dungeon Overview and Level Annotations

Branches:
Dungeon (4/15)
 Temple: D:4-7

Altars:
Kikubaaqudgha
Okawaru
Ru
Trog
Vehumet

Annotations:
D:4 Ijyb, Menkaure


Innate Abilities, Weirdness & Mutations

You are resistant to torment.
Your stone body is resilient. (AC +4)
You are immune to poison.
You resist negative energy. (rN+)
You are resistant to electric shocks. (rElec)
You can survive without breathing.
You are immune to petrification.
You are immune to rotting.
You are partially covered in icy blue scales. (AC +2)
You are partially covered in large bone plates. (SH +4)
Your flesh is cold resistant. (rC+)
You passively map a small area around you.


Message History

You hit the orc but do no damage.
The orc is almost dead.
The orc hits you but does no damage.
You hit the orc.
You kill the orc!
Okawaru accepts your kill. You block Menkaure's attack.
You barely miss Menkaure. Menkaure closely misses you.
Menkaure hits you but does no damage.
You hit Menkaure.
Menkaure is lightly damaged.
Menkaure hits you!
You closely miss Menkaure.
Menkaure is lightly damaged.
Menkaure hits you but does no damage. You block Menkaure's attack.
You slash Menkaure!
Menkaure is moderately damaged.
Menkaure hits you!
Ouch! That really hurt!
You die...

,
.......#.....)......
,.............)...#
* .....##..#.g####.#
,
,.........#.....#..
...................*
#....#.............,
* *
#....#g####........
#....#M#.>.........
,
#....#@#.##........
#....>....).####.##
#..........## .. ,,
* ##.........# ***
#.........#
#...<.....#
##.######## ##


You could see Ijyb and Menkaure (fast).

Vanquished Creatures
  An orc wizard (D:3)
  5 adders
  3 worms
  A leopard gecko (D:2)
  8 orcs
  3 giant cockroaches
  2 hobgoblins (D:2)
  4 kobolds
  6 quokkas
  6 bats
  3 frilled lizards
  5 goblins
  6 rats
53 creatures vanquished.

Notes
Turn   | Place    | Note
-------+----------+-------------------------------------------
     0 | D:1      | mortelune the Gargoyle Fighter began the quest for the Orb.
     0 | D:1      | Reached XP level 1. HP: 14/14 MP: 1/1
   601 | D:1      | Reached XP level 2. HP: 19/19 MP: 2/2
  1210 | D:2      | Reached XP level 3. HP: 23/23 MP: 3/3
  1336 | D:2      | Found a radiant altar of Vehumet.
  1336 | D:2      | Found a sacrificial altar of Ru.
  1342 | D:2      | Found a faded altar of an unknown god.
  1345 | D:2      | Found a bloodstained altar of Trog.
  1354 | D:2      | Found an ancient bone altar of Kikubaaqudgha.
  1767 | D:2      | Reached XP level 4. HP: 26/29 MP: 4/4
  2387 | D:3      | Reached XP level 5. HP: 33/33 MP: 5/5
  2564 | D:3      | Found an iron altar of Okawaru.
  2583 | D:3      | Became a worshipper of Warmaster Okawaru
  2835 | D:3      | Gained mutation: You are partially covered in icy blue
                  | scales. (AC +2) [potion of mutation]
  2835 | D:3      | Gained mutation: You passively map a small area around you.
                  | [potion of mutation]
  2835 | D:3      | Gained mutation: You are partially covered in large bone
                  | plates. (SH +4) [potion of mutation]
  2835 | D:3      | Gained mutation: Your flesh is cold resistant. (rC+)
                  | [potion of mutation]
  2888 | D:4      | Noticed Menkaure
  2891 | D:4      | Noticed Ijyb
  2921 | D:4      | Slain by Menkaure

Illustrated notes

Levels and vault maps discovered:
D:1:      ncdulo_wetmaze, layout_loops_corners
D:2:      layout_loops_ring, chequers_temple_overflow_minitemple
D:3:      layout_rooms, first_ration, okawaru_metal_pillars_1_2
D:4:      layout_rooms, guppyfry_shop_venom, uniq_ijyb, uniq_menkaure

Skill      XL: |  1  2  3  4 |
---------------+-------------+-----
Axes           | 2 3 |  3.5
Fighting       | 4 |  4.2
Armour         | 4 |  4.2
Shields        | |  3.3

Action                   |  1- 3 |  4- 6 || total
-------------------------+-------+-------++-------
Melee: War axe           |   122 |   120 ||   242
  Use: Scroll            |       |     8 ||     8
       Potion            |       |     1 ||     1
  Eat: Chunk             |     3 |     4 ||     7
Armor: Scale mail        |    77 |    49 ||   126
Dodge: Dodged            |    53 |    34 ||    87
Block: Kite shield       |    69 |    87 ||   156
